 Dungeon Crawl Stone Soup version 0.30-a0-779-g7971cf19c3 (webtiles) character file.

Game seed: 3915457479868324818

86 KennySheep the Trooper (level 4, -7/73 HPs)
             Began as an Ogre Berserker on Feb 18, 2023.
             Was a Believer of Trog.
             Mangled by a gnoll
             ... wielding a +1 heavy spear
              (9 damage)
             ... on level 2 of the Dungeon.
             The game lasted 00:02:56 (1371 turns).

KennySheep the Trooper (Ogre Berserker)             Turns: 1371, Time: 00:02:56

Health: -7/73      AC:  3    Str: 23    XL:     4   Next: 50%
Magic:  4/4        EV: 10    Int:  8    God:    Trog [**....]
Gold:   51         SH:  0    Dex:  8    Spells: 3/3 levels left

rFire   . . .      SeeInvis .    a - +0 mace
rCold   . . .      Faith    .    (no shield)
rNeg    . . .      Spirit   .    b - +0 animal skin
rPois   .          Reflect  .    (helmet restricted)
rElec   .          Harm     .    (no cloak)
rCorr   .          Rampage  .    (gloves unavailable)
Will    .....                    (boots unavailable) Stlth
                                 (no amulet)
HPRegen 0.32/turn                (no ring)
MPRegen 0.09/turn                (no ring)

@: berserking, very quick
A: large, unfitting armour, tough skin 1
a: Renounce Religion, Berserk, Trog's Hand


You were on level 2 of the Dungeon.
You worshipped Trog.
Trog was pleased with you.
You visited 1 branch of the dungeon, and saw 2 of its levels.

You collected 51 gold pieces.

Inventory:

Hand Weapons
 a - a +0 mace (weapon)
Armour
 b - a +0 animal skin (worn)
Wands
 j - a wand of polymorph (7)
Scrolls
 c - 3 scrolls of identify {unknown}
 d - a scroll of magic mapping {unknown}
 g - a scroll of teleportation {unknown}
 i - a scroll of poison {unknown}
Potions
 e - a potion of invisibility {unknown}
 f - a potion of degeneration {unknown}
 h - a potion of curing {unknown}


   Skills:
 + Level 4.8 Fighting
 * Level 3.8 Maces & Flails
 + Level 3.3 Dodging


You had 3 spell levels left.
You didn't know any spells.
Your spell library was empty.

Dungeon Overview and Level Annotations

Branches:
Dungeon (2/15)

Altars:

Shops:
D:1 *


Innate Abilities, Weirdness & Mutations

You are too large for most types of armour.
You have tough skin. (AC +1)


Message History

The adder closely misses you. The gnoll barely misses you.
The adder barely misses you.
You closely miss the adder.
The adder is almost dead.
The adder misses you. The gnoll hits you with a +0 flail.
The gnoll completely misses you. The gnoll attacks as you move away!
The gnoll hits you with a +0 flail! The adder closely misses you.
You barely miss the adder.
The adder is almost dead.
The adder closely misses you.
You hit the adder but do no damage.
The adder is almost dead.
The adder bites you but does no damage. The adder misses you.
You hit the adder.
You kill the adder!
Trog accepts your kill.
You completely miss the gnoll. The gnoll hits you with a +0 flail.
The gnoll barely misses you.
A red film seems to cover your vision as you go berserk!
You feel yourself moving faster!
You feel mighty!
The gnoll hits you from afar with a +1 heavy spear!
You sock the gnoll!
The gnoll is almost dead.
The gnoll hits you with a +0 flail.
* * * LOW HITPOINT WARNING * * *
The gnoll hits you with a +0 flail.
* * * LOW HITPOINT WARNING * * *
You sock the gnoll!
You kill the gnoll!
Trog accepts your kill. The gnoll hits you with a +0 flail.
* * * LOW HITPOINT WARNING * * *
The gnoll hits you from afar with a +1 heavy spear.
* * * LOW HITPOINT WARNING * * *
You see here a +0 flail.
You closely miss the gnoll. The gnoll hits you with a +0 flail.
* * * LOW HITPOINT WARNING * * *
The gnoll hits you with a +1 heavy spear!
You die...

# #..#
##.###..#
.....#..# ..
#....# ##. .
###..# #..#..
#..# #....#.
#..# ...)..#
#.g# g......
#@###g.....#
#.g#........
#...........
#........$.....
###############


You could see 2 gnolls.

Vanquished Creatures
  A gnoll (D:2)
  4 adders (D:2)
  3 bats (D:1)
  6 endoplasms
  2 giant cockroaches
  2 hobgoblins
  4 jackals (D:2)
  A quokka (D:1)
  4 ball pythons
  A frilled lizard (D:1)
  4 goblins
  2 kobolds
  7 rats
41 creatures vanquished.

Notes
Turn   | Place    | Note
-------+----------+-------------------------------------------
     0 | D:1      | KennySheep the Ogre Berserker began the quest for the Orb.
     0 | D:1      | Reached XP level 1. HP: 24/24 MP: 1/1
   232 | D:1      | Reached XP level 2. HP: 31/32 MP: 2/2
   370 | D:1      | Found Kuuch's General Store.
   927 | D:2      | Reached XP level 3. HP: 40/40 MP: 3/3
  1082 | D:2      | Reached ** piety under Trog
  1185 | D:2      | Reached XP level 4. HP: 43/49 MP: 4/4
  1371 | D:2      | HP: 2/73 [gnoll/+0 flail (3)]
  1371 | D:2      | Mangled by a gnoll

Illustrated notes

Levels and vault maps discovered:
D:1:      minmay_arrival_solitary_statue, layout_loops_corners, serial_shops,
          shop, minmay_misc_feat_roman
D:2:      layout_basic, nicolae_half_adder

Skill      XL: |  1  2 |
---------------+-------+-----
Maces & Flails | 3 |  3.8
Dodging        | 3 |  3.3
Fighting       | |  4.8

Action                     |  1- 3 |  4- 6 || total
---------------------------+-------+-------++-------
  Melee: Mace              |    93 |    24 ||   117
 Invoke: Berserk           |       |     1 ||     1
   Stab: Sleeping          |     1 |       ||     1
 Armour: Animal skin       |    49 |     4 ||    53
  Dodge: Dodged            |    61 |    22 ||    83

Table legend: (Time is in decaauts)
 A = Elapsed time spent in this place.
 B = Non-inter-level travel time spent in this place.
 C = Inter-level travel time spent in this place.
 D = Time resting spent in this place.
 E = Time spent auto-exploring this place.
 F = Levels seen in this place.
 G = Mean time per level.
                   A        B        C        D        E       F      G
               +--------+--------+--------+--------+--------+-----+--------+
         Total |   1397 |   1355 |     42 |      0 |   1069 |   2 |  698.5 |
       Dungeon |   1397 |   1355 |     42 |      0 |   1069 |   2 |  698.5 |
               +--------+--------+--------+--------+--------+-----+--------+

Top non-repeatable levels by time:
     D:1: 902 daAuts
     D:2: 494 daAuts
